 Dungeon Sprint DCSS version 0.29.1-2-gbd0b4ee654 (webtiles) character file.

Game seed: 18340265074011283495

1563 Zeld the Cleaver (level 8, -2/82 HPs)
             Began as a Minotaur Berserker on Oct 25, 2022.
             Was a High Priest of Trog.
             Killed from afar by a burning bush (11 damage)
             ... with a puff of flame
             ... in the Dungeon (Sprint IV: "Fedhas' Mad Dash").
             The game lasted 00:01:45 (2394 turns).

Zeld the Cleaver (Minotaur Berserker)               Turns: 2394, Time: 00:01:46

Health: -2/82      AC:  2    Str: 24    XL:     8   Next: 58%
Magic:  7/7        EV: 15    Int:  4    God:    Trog [*****.]
Gold:   60         SH:  0    Dex: 10    Spells: 7/7 levels left

rFire   . . .      SeeInvis .   a - +0 hand axe
rCold   . . .      Faith    .   (no shield)
rNeg    . . .      Spirit   .   b - +0 animal skin
rPois   .          Reflect  .   (helmet restricted)
rElec   .          Harm     .   (no cloak)
rCorr   .          Rampage  .   (no gloves)
Will    .....      NoTele   +   (no boots)
Stlth   +.........              c - amulet of invisibility {+Inv}
HPRegen 0.23/turn               (no ring)
MPRegen 0.10/turn               (no ring)

@: on berserk cooldown, slowed, very slow
A: horns 2, retaliatory headbutt
a: Renounce Religion, Evoke Invisibility, Berserk, Trog's Hand, Brothers in Arms


You were in the Dungeon.
You worshipped Trog.
Trog was extremely pleased with you.
You visited 1 branch You collected 151 gold pieces.
You spent 91 gold pieces at shops.

Inventory:

Hand Weapons
 a - a +0 hand axe (weapon)
Armour
 b - a +0 animal skin (worn)
Jewellery
 c - the amulet of invisibility (around neck) {+Inv}
   (You found it in the Dungeon)

   [amulet of nothing]

   +Inv:      It lets you turn invisible.
Scrolls
 h - a scroll of blinking
Potions
 d - a potion of heal wounds
 e - a potion of haste
 f - 2 potions of magic
 g - a potion of berserk rage
 i - a potion of might
 j - a potion of curing


   Skills:
 + Level 11.0 Fighting
 * Level 14.8 Axes
 + Level 10.7 Armour
 + Level 9.8 Dodging


You had 7 spell levels left.
You didn't know any spells.
Your spell library was empty.

Dungeon Overview and Level Annotations

Branches:
Dungeon (1/1)

Altars:
Cheibriados
Dithmenos
Elyvilon
Gozag
Hepliaklqana
Kikubaaqudgha
Makhleb
Nemelex Xobeh
Okawaru
Qazlal
Ru
Sif Muna
Trog
Uskayaw
Vehumet
Wu Jian
Xom
Yredelemnul
Zin
The Shining One
Jiyva
Lugonu

Shops:
D !=


Innate Abilities, Weirdness & Mutations

You have a pair of horns on your head.
You reflexively headbutt those who attack you in melee.


Message History

You feel the power of Trog in you as your rage grows.
You kill the scorpion!
Trog accepts your kill.
Your Fighting skill increases to level 11!
The burning bush throws fire at you. The puff of flame hits you!
The wandering mushroom releases spores at you.
You are engulfed in a cloud of spores!
You are confused.
You see here a +0 scale mail.
You are too confused!
You are too confused!
You are too confused!
You feel a strong urge to attack something.
You bump into the stone wall.
You bump into the stone wall.
You feel your anger nearly subside.
You are no longer berserk.
You are exhausted.
You feel yourself slow down. The burning bush throws fire at you.
The puff of flame hits you!
You're too confused to move!
The burning bush throws fire at you. The puff of flame hits you!
The burning bush throws fire at you. The puff of flame misses you.
There is an open door here.
You bump into the stone wall.
The burning bush throws fire at you. The puff of flame hits you.
* * * LOW HITPOINT WARNING * * *
The burning bush throws fire at you. The puff of flame hits you!
* * * LOW HITPOINT WARNING * * *
There is an open door here.
You bump into the stone wall.
You feel less confused. The burning bush throws fire at you.
The puff of flame hits you!
You die...

######################
._._._.⌠.#..)...#....#
_._._._..'.)#...#†..P+
._._._...#..###'##.["#
_._._._..#..##∩∩@'..f#
._._._.⌠.#############
##########


You could see a wandering mushroom and a burning bush.

Vanquished Creatures
  An oklob plant (D)
  A burning bush (D)
  A queen bee (D)
  A wandering mushroom (D)
  3 scorpions (D)
  4 killer bees (D)
  4 oklob saplings (D)
  2 spriggans (D)
  A river rat (D)
  A rat (D)
19 creatures vanquished.

Notes
Turn   | Place    | Note
-------+----------+-------------------------------------------
     0 | D        | Zeld the Minotaur Berserker began the quest for the Orb.
     0 | D        | Reached XP level 1. HP: 19/19 MP: 0/0
     9 | D        | Reached skill level 4 in Axes
     9 | D        | Reached XP level 2. HP: 27/27 MP: 1/1
   265 | D        | Noticed an oklob sapling
   271 | D        | Killed an oklob sapling
   271 | D        | Reached ** piety under Trog
   272 | D        | Reached skill level 6 in Axes
   272 | D        | Reached XP level 3. HP: 14/35 MP: 2/2
   592 | D        | Noticed a scorpion
   592 | D        | Found the amulet of invisibility {+Inv}
   605 | D        | Killed a scorpion
   606 | D        | Reached skill level 5 in Fighting
   606 | D        | Reached skill level 7 in Axes
   606 | D        | Reached skill level 5 in Armour
   606 | D        | Reached XP level 4. HP: 44/44 MP: 3/3
  1016 | D        | Reached skill level 8 in Axes
  1016 | D        | Reached skill level 5 in Dodging
  1162 | D        | Noticed a queen bee
  1169 | D        | Reached XP level 5. HP: 51/51 MP: 1/4
  1171 | D        | Reached skill level 9 in Axes
  1171 | D        | Reached *** piety under Trog
  1174 | D        | Killed a queen bee
  1175 | D        | Reached skill level 11 in Axes
  1175 | D        | Reached XP level 6. HP: 62/62 MP: 2/5
  1229 | D        | Noticed an oklob plant
  1243 | D        | HP: 2/93 [oklob plant/splash of acid (20)]
  1246 | D        | Killed an oklob plant
  1247 | D        | Reached skill level 13 in Axes
  1247 | D        | Reached XP level 7. HP: 3/71 MP: 4/6
  1667 | D        | Noticed a burning bush
  1682 | D        | Killed a burning bush
  1682 | D        | Reached **** piety under Trog
  1683 | D        | Reached skill level 10 in Fighting
  1683 | D        | Reached skill level 10 in Armour
  1683 | D        | Reached XP level 8. HP: 61/80 MP: 5/7
  2013 | D        | Found an opulent altar of Gozag.
  2013 | D        | Found a hazy altar of Hepliaklqana.
  2013 | D        | Found a burning altar of Makhleb.
  2013 | D        | Found a sparkling altar of Nemelex Xobeh.
  2013 | D        | Found a snail-covered altar of Cheibriados.
  2013 | D        | Found a sacrificial altar of Ru.
  2013 | D        | Found a shimmering blue altar of Sif Muna.
  2013 | D        | Found a shimmering altar of Xom.
  2013 | D        | Found a basalt altar of Yredelemnul.
  2014 | D        | Found a viscous altar of Jiyva.
  2014 | D        | Found a bloodstained altar of Trog.
  2014 | D        | Found an ornate altar of the Wu Jian Council.
  2015 | D        | Found an iron altar of Okawaru.
  2015 | D        | Found a shadowy altar of Dithmenos.
  2015 | D        | Found a glowing silver altar of Zin.
  2016 | D        | Found an ancient bone altar of Kikubaaqudgha.
  2016 | D        | Found a hide-covered altar of Uskayaw.
  2017 | D        | Found a stormy altar of Qazlal.
  2017 | D        | Found a white marble altar of Elyvilon.
  2017 | D        | Found a glowing golden altar of the Shining One.
  2018 | D        | Found a corrupted altar of Lugonu.
  2018 | D        | Found a radiant altar of Vehumet.
  2027 | D        | Reached skill level 14 in Axes
  2100 | D        | Reached ***** piety under Trog
  2364 | D        | Found Gikuoham's Jewellery Shop.
  2364 | D        | Found Socerph's Distillery.
  2368 | D        | Bought a potion of might for 52 gold pieces
  2368 | D        | Bought a potion of curing for 39 gold pieces
  2371 | D        | Noticed a burning bush
  2371 | D        | Noticed a wandering mushroom
  2372 | D        | Noticed a wandering mushroom
  2380 | D        | Killed a wandering mushroom
  2394 | D        | Killed from afar by a burning bush

Illustrated notes

Levels and vault maps discovered:
D:        dungeon_sprint_fedhas [sprint_temple]

Skill      XL: |  1  2  3  4  5  6  7  8 |
---------------+-------------------------+-----
Fighting       | 4 5 6 8 9 10 11 | 11.0
Axes           | 4 6 7 8 11 13 14 | 14.8
Armour         | 3 4 5 6 8 9 10 | 10.7
Dodging        | 3 4 5 7 8 9 |  9.8

Action                   |  1- 3 |  4- 6 |  7- 9 || total
-------------------------+-------+-------+-------++-------
Melee: Hand axe          |    14 |    25 |    54 ||    93
       Headbutt          |     3 |     8 |     8 ||    19
       Punch             |       |     2 |     1 ||     3
Invok: Berserk           |     3 |     2 |     2 ||     7
 Abil: Evoke Invisibilit |       |     3 |     3 ||     6
  Use: Potion            |     2 |       |       ||     2
 Stab: Sleeping          |     1 |     1 |       ||     2
       Invisible         |       |     4 |     2 ||     6
Armor: Animal skin       |       |     1 |     1 ||     2
Dodge: Dodged            |     7 |    10 |    14 ||    31
